 Dungeon Crawl Stone Soup version 0.29.1-1-gd02db6906a (webtiles) character file.

Game seed: 8701038146049712496

579 safid the Skirmisher (level 7, -5/57 HPs)
             Began as a Minotaur Hunter on Oct 13, 2022.
             Was a Follower of Okawaru.
             Slain by a black bear (6 damage)
             ... on level 5 of the Dungeon.
             The game lasted 00:04:57 (3429 turns).

safid the Skirmisher (Minotaur Hunter)              Turns: 3429, Time: 00:04:58

Health: -5/57      AC:  3    Str: 15    XL:     7   Next: 13%
Magic:  6/6        EV: 12    Int:  6    God:    Okawaru [*.....]
Gold:   182        SH:  0    Dex: 16    Spells: 6/6 levels left

rFire   . . .      SeeInvis +   a - +0 shortbow
rCold   . . .      Faith    .   (shield currently unavailable)
rNeg    . . .      Spirit   .   c - +0 leather armour
rPois   .          Reflect  .   (helmet restricted)
rElec   .          Harm     .   (no cloak)
rCorr   .          Rampage  .   (no gloves)
Will    .....                   (no boots)
Stlth   +.........              d - amulet of regeneration
HPRegen 0.99/turn               j - ring of see invisible
MPRegen 0.10/turn               (no ring)

@: no status effects
A: horns 2, retaliatory headbutt
a: Renounce Religion, Heroism


You were on level 5 of the Dungeon.
You worshipped Okawaru.
Okawaru was aware of your devotion.
You visited 2 branches of the dungeon, and saw 6 of its levels.

You collected 182 gold pieces.

Inventory:

Hand Weapons
 a - a +0 shortbow (weapon)
Armour
 c - a +0 leather armour (worn)
Jewellery
 d - an amulet of regeneration (around neck)
 j - a ring of see invisible (left hand)
Scrolls
 b - a scroll of immolation
 f - 3 scrolls of enchant weapon {unknown}
 g - 3 scrolls of teleportation {unknown}
 i - 2 scrolls of poison {unknown}
 k - a scroll of fear {unknown}
 m - a scroll of silence {unknown}
 n - a scroll of magic mapping {unknown}
 s - a scroll of torment {unknown}
 t - 2 scrolls of blinking {unknown}
Potions
 e - 3 potions of magic {unknown}
 h - a potion of berserk rage {unknown}
 l - a potion of might {unknown}
 o - a potion of attraction {unknown}
 p - 2 potions of brilliance {unknown}
 q - 2 potions of curing
 r - a potion of lignification {unknown}
 u - 3 potions of heal wounds {unknown}
 v - 2 potions of haste {unknown}
 w - 2 potions of mutation {unknown}


   Skills:
 - Level 3.0 Fighting
 + Level 9.4 Ranged Weapons
 - Level 2.1 Dodging
 - Level 0.7 Stealth


You had 6 spell levels left.
You didn't know any spells.
Your spell library contained the following spells:

 Spells                   Type           Power      Damage    Failure   Level
 Apportation              Tloc           0%         N/A       52%         1
 Beastly Appendage        Tmut           0%         N/A       52%         1
 Necrotise                Necr           0%         1d4       52%         1
 Wereblood                Tmut           0%         N/A       67%         2
 Spider Form              Tmut/Pois      0%         N/A       88%         3
 Orb of Destruction       Conj           0%         9d5       100%        7
 Summon Small Mammal      Summ           Unusable   N/A       N/A         1
 Summon Guardian Golem    Hex/Summ       Unusable   N/A       N/A         3
 Spellforged Servitor     Conj/Summ      Unusable   N/A       N/A         7

Dungeon Overview and Level Annotations

Branches:
Dungeon (5/15)             Temple (1/1) D:4

Altars:
Ashenzari
Cheibriados
Elyvilon
Fedhas
Gozag
Makhleb
Okawaru
Trog
Yredelemnul

Annotations:
D:3 Pargi, Terence


Innate Abilities, Weirdness & Mutations

You have a pair of horns on your head.
You reflexively headbutt those who attack you in melee.


Message History

The black bear misses you. The black bear closely misses you.
The black bear barely misses you.
Fire: a) +0 shortbow
Press: ? - help, Q - select action, (/) - cycle Shift-Dir - straight line, f/p - black bear
Aim: a black bear (heavily wounded, 72% to hit)
You shoot an arrow. The arrow hits the black bear!
The black bear is severely wounded.
The black bear bites you.
* * * LOW HITPOINT WARNING * * *
The black bear barely misses you. x2
Unknown command.
Fire: a) +0 shortbow
Press: ? - help, Q - select action, (/) - cycle Shift-Dir - straight line, f/p - black bear
Aim: a black bear (severely wounded, 72% to hit)
You shoot an arrow. The arrow hits the black bear.
The black bear is severely wounded.
The black bear goes berserk!
Fire: a) +0 shortbow
Press: ? - help, Q - select action, (/) - cycle Shift-Dir - straight line, f/p - black bear
Aim: a black bear (severely wounded, berserk, 72% to hit)
You shoot an arrow. The arrow barely misses the black bear.
The black bear bites you but does no damage.
The black bear claws you. The black bear misses you. The black bear bites you!
* * * LOW HITPOINT WARNING * * *
The black bear barely misses you. The black bear claws you.
* * * LOW HITPOINT WARNING * * *
Unknown command.
Fire: a) +0 shortbow
Press: ? - help, Q - select action, (/) - cycle Shift-Dir - straight line, f/p - black bear
Aim: a black bear (severely wounded, berserk, 72% to hit)
You shoot an arrow. The arrow hits the black bear.
The black bear is severely wounded.
The black bear bites you.
* * * LOW HITPOINT WARNING * * *
The black bear claws you.
* * * LOW HITPOINT WARNING * * *
The black bear claws you.
* * * LOW HITPOINT WARNING * * *
The black bear bites you.
You die...

#.# #....... !###.....#.#.#
#....... .........#.#.#
#....... .........#.#.#
#....... .........#.#.#
####.... .......#.#.# #....
####.....#.#.# ##.##
.......h.#.#.# #...
#@##.#.##########.
#....#............ ##
#####..###############
#.###.###.###.## ##
..............### #..
#.###.###.##...#########
#.#...........#.#..........
...##.###.##...##.########
##
#.#.......#.#.#........#.


You could see a black bear (berserk).

Vanquished Creatures
  Sigmund (D:4)
  A scorpion (D:4)
  2 howler monkeys
  2 vampire bats (D:4)
  2 hounds (D:4)
  4 gnolls (D:4)
  3 adders
  2 worms
  3 dart slugs
  An orc (D:4)
  6 bats
  6 endoplasms
  6 giant cockroaches
  3 goblins
  5 hobgoblins
  5 jackals (D:2)
  4 quokkas
  7 ball pythons
  6 kobolds
  A rat (D:1)
70 creatures vanquished.

Vanquished Creatures (others)
  A plant (D:1)
1 creature vanquished.

Grand Total: 71 creatures vanquished

Notes
Turn   | Place    | Note
-------+----------+-------------------------------------------
     0 | D:1      | safid the Minotaur Hunter began the quest for the Orb.
     0 | D:1      | Reached XP level 1. HP: 18/18 MP: 0/0
   102 | D:1      | Reached XP level 2. HP: 26/26 MP: 1/1
   437 | D:1      | Found a faded altar of an unknown god.
   651 | D:1      | Reached skill level 5 in Ranged Weapons
   969 | D:2      | Reached XP level 3. HP: 31/31 MP: 2/2
  1687 | D:3      | Found a white marble altar of Elyvilon.
  1906 | D:3      | Noticed Pargi
  1931 | D:3      | Noticed Terence
  2006 | D:4      | Reached skill level 6 in Ranged Weapons
  2006 | D:4      | Reached XP level 4. HP: 38/38 MP: 3/3
  2116 | D:4      | Noticed a scorpion
  2125 | D:4      | Killed a scorpion
  2126 | D:4      | Reached skill level 7 in Ranged Weapons
  2126 | D:4      | Reached XP level 5. HP: 45/45 MP: 4/4
  2163 | D:4      | Found a staircase to the Ecumenical Temple.
  2186 | Temple   | Entered the Ecumenical Temple
  2193 | Temple   | Became a worshipper of Warmaster Okawaru
  2315 | D:4      | Noticed Sigmund
  2330 | D:4      | Killed Sigmund
  2331 | D:4      | Reached skill level 8 in Ranged Weapons
  2331 | D:4      | Reached XP level 6. HP: 17/51 MP: 5/5
  2382 | D:4      | Reached * piety under Okawaru
  2475 | D:4      | Reached skill level 9 in Ranged Weapons
  2480 | D:4      | Reached XP level 7. HP: 57/57 MP: 6/6
  3048 | D:5      | Entered Level 5 of the Dungeon
  3429 | D:5      | HP: 2/57 [black bear (5)]
  3429 | D:5      | Slain by a black bear

Illustrated notes

Levels and vault maps discovered:
D:1:      minmay_arrival_arboretum_small, layout_basic,
          hellmonk_ecumenical_altar_pennies_from_heaven, serial_bayou_lagoon_b
D:2:      layout_basic, minmay_misc_feat_alley, grunt_ministairs_2,
          minmay_misc_feat_enclosed
D:3:      layout_loops_ring, mainiacjoe_overflow_brackets, uniq_terence,
          uniq_pargi
D:4:      layout_basic, minmay_temple_entry_glass, serial_glass,
          glass_columns_b, glass_columns_a, dk_vineyard_1, roderic_batcave,
          uniq_sigmund
D:5:      layout_basic, nicolae_concentric_dashed_squares_wild, minmay_holes,
          kennysheep_opposing_triangles
Temple:   compressed_dpeg_triangle_lava_temple

Skill      XL: |  1  2  3  4  5  6 |
---------------+-------------------+-----
Fighting       | 3 |  3.0
Ranged Weapons | 5 6 7 8 9 |  9.4
Dodging        | |  2.1
Stealth        | |  0.7

Action                   |  1- 3 |  4- 6 |  7- 9 || total
-------------------------+-------+-------+-------++-------
 Fire: Shortbow          |   105 |    85 |    31 ||   221
  Use: Potion            |       |     1 |       ||     1
Armor: Leather armour    |     9 |    25 |     9 ||    43
Dodge: Dodged            |    16 |    34 |    16 ||    66
